 Dungeon Crawl Stone Soup version 0.23.2-40-g277498a001 (console) character file.

Game seed: 7305950868632921015

1377 Cab the Reanimator (level 8, -2/52 HPs)
             Began as a Mummy Necromancer on Oct 4, 2019.
             Shot with an arrow by a centaur (5 damage)
             ... on level 7 of the Dungeon.
             The game lasted 00:32:32 (6762 turns).

Cab the Reanimator (Mummy Necromancer)              Turns: 6762, Time: 00:32:33

Health: -2/52      AC:  7    Str: 11      XL:     8   Next: 39%
Magic:  18/18      EV: 10    Int: 16      God:
Gold:   328        SH:  0    Dex: 12 (13) Spells: 9/20 levels left

rFire    x . .     SeeInvis .   h - +4 quarterstaff (chaos)
rCold    + . .     Gourm    .   (shield currently unavailable)
rNeg     + + +     Faith    .   k - +0 ring mail
rPois    ∞         Spirit   .   (no helmet)
rElec    .         Reflect  .   r - +0 cloak
rCorr    .         Harm     .   f - +0 pair of gloves
MR       +....                  (no boots)
Stlth    ++........             (no amulet)
HPRegen  0.17/turn              e - ring of wizardry
MPRegen  0.16/turn              q - ring of stealth

@: no status effects
A: no food or potions, fire vulnerability, cold resistance 1, negative energy
resistance 3, torment resistance, unbreathing
a: no special abilities


You were on level 7 of the Dungeon.
You were not hungry.

You visited 2 branches of the dungeon, and saw 8 of its levels.

You collected 328 gold pieces.

Inventory:

Hand Weapons
 h - a +4 quarterstaff of chaos (weapon)
 l - a +2 short sword of speed
Armour
 a - a +0 robe
 f - a +0 pair of gloves (worn)
 k - a +0 ring mail (worn)
 r - a +0 cloak (worn)
Jewellery
 e - a ring of wizardry (left hand)
 q - a ring of stealth (right hand)
Wands
 p - a wand of clouds (6)
Scrolls
 b - 2 scrolls of magic mapping {unknown}
 c - 4 scrolls of fear
 d - 2 scrolls of remove curse
 g - a scroll of noise {unknown}
 i - a scroll of immolation {unknown}
 j - a scroll of teleportation
 m - a scroll of fog {unknown}
 n - 2 scrolls of amnesia {unknown}
 o - a scroll of enchant weapon {unknown}
 s - a scroll of identify
 t - a scroll of enchant armour {unknown}


   Skills:
 - Level 1.1 Short Blades
 - Level 1.5 Dodging
 - Level 1.5 Stealth
 + Level 6.9 Spellcasting
 * Level 2.9 Hexes
 * Level 9.0 Necromancy


You had 9 spell levels left.
You knew the following spells:

 Your Spells              Type           Power        Failure   Level  Hunger
a - Pain                  Necr           ####         1%          1    N/A
b - Vampiric Draining     Necr           ####......   1%          3    N/A
c - Animate Dead          Necr           N/A          3%          4    N/A
d - Confuse               Hex            ##......     12%         3    N/A

Your spell library contained the following spells:

 Spells                   Type           Power        Failure   Level  Hunger
 Animate Skeleton         Necr           N/A          1%          1    N/A
 Confusing Touch          Hex            ##....       4%          1    N/A
 Gell's Gravitas          Tloc           #.........   34%         3    N/A
 Petrify                  Tmut/Erth      #.......     73%         4    N/A
 Metabolic Englaciation   Hex/Ice        ##........   86%         5    N/A
 Yara's Violent Unravell  Hex/Tmut       ##........   86%         5    N/A
 Regeneration             Chrm/Necr      Unusable     N/A         3    N/A

Dungeon Overview and Level Annotations

Branches:
Dungeon (7/15)             Temple (1/1) D:5

Altars:
Ashenzari
Elyvilon
Fedhas
Gozag
Hepliaklqana
Makhleb
Nemelex Xobeh
Okawaru
Qazlal
Ru
Sif Muna
Uskayaw
Xom
Yredelemnul
Zin


Innate Abilities, Weirdness & Mutations

You do not eat or drink.
Your flesh is vulnerable to fire.
You are immune to poison.
Your flesh is cold resistant. (rC+)
You are immune to negative energy. (rN+++)
You are immune to unholy pain and torment.
You can survive without breathing.


Message History

The quasit claws you but does no damage. x2
The centaur shoots an arrow.
The arrow hits you!
You hit the quasit but do no damage.
The centaur shoots an arrow.
The arrow closely misses you. The quasit completely misses you.
The quasit claws you but does no damage. x2
The quasit closely misses you. The quasit barely misses you.
The quasit misses you.
The centaur shoots an arrow.
The arrow closely misses you.
The centaur shoots an arrow.
The arrow hits you.
* * * LOW HITPOINT WARNING * * *
You see here an arrow.
The quasit bites you but does no damage.
The quasit barely misses you.
The quasit claws you but does no damage.
The centaur shoots an arrow.
The arrow hits you!
* * * LOW HITPOINT WARNING * * *
There is a stone staircase leading up here.
You see here an arrow.
The centaur shoots an arrow.
The arrow hits you.
You die... ∙∙∙∙∙∙∙∙∙

∙∙∙∙∙∙∙∙∙▒▒
∙∙∙∙∙∙∙∙∙∙▒
∙∙∙∙∙∙∙∙∙∙∙▒
▒∙∙∙∙∙∙∙∙∙∙▒
∙∙∙∙∙∙∙∙∙∙∙▒▒▒
∙$∙∙∙∙∙∙∙∙∙∙∙▒▒▒
∙∙∙∙∙∙∙∙∙@▒


∙∙∙∙ ▒∙∙∙∙∙∙∙∙5▒∙∙∙∙∙ ▒∙∙c(∙∙∙(∙?∙?∙∙∙∙ ▒∙∙∙∙∙∙(∙∙∙▒∙∙∙∙∙ ▒∙∙∙∙∙∙∙(∙∙▒ ∙∙∙▒
∙∙?∙∙∙∙∙∙∙∙∙∙∙∙▒▒ >∙∙∙∙?∙∙∙∙∙∙∙∙∙∙∙ ▒▒∙∙∙∙∙∙∙∙▒▒∙∙∙▒∙ ▒▒∙∙∙∙∙∙▒▒ ∙∙∙▒ You could
see a centaur and a quasit.

Vanquished Creatures
  Edmund (D:6)
  A phantom (D:6)
  An orc warrior (D:6)
  2 ice beasts (D:6)
  A necrophage (D:6)
  A bullfrog (D:6)
  A scorpion (D:6)
  2 orc priests
  Crazy Yiuf (D:6)
  2 jellies
  3 orc wizards
  A bullfrog skeleton (D:6)
  A gnoll shaman (D:6)
  Natasha (thrice) (D:4)
  5 worker ants
  5 gnolls (D:6)
  5 adders
  A shadow imp (D:5)
  2 oozes (D:3)
  4 worms
  8 dart slugs
  3 leopard geckos
  24 orcs
  2 ball pythons
  2 giant cockroaches
  6 goblins
  5 hobgoblins
  7 jackals
  3 quokkas
  5 bats
  4 frilled lizards
  9 kobolds
  8 rats
129 creatures vanquished.

Vanquished Creatures (collateral kills)
  An orc priest (D:6)
  2 orcs (D:4)
  A jackal (D:4)
  A quokka (D:4)
5 creatures vanquished.

Vanquished Creatures (others)
  2 fungi (D:6)
2 creatures vanquished.

Grand Total: 136 creatures vanquished

Notes
Turn   | Place    | Note
-------+----------+-------------------------------------------
     0 | D:1      | Cab the Mummy Necromancer began the quest for the Orb.
     0 | D:1      | Reached XP level 1. HP: 13/13 MP: 4/4
   647 | D:1      | Reached XP level 2. HP: 13/19 MP: 0/5
  1054 | D:1      | Reached skill level 5 in Necromancy
  1182 | D:1      | Reached XP level 3. HP: 24/24 MP: 5/7
  1188 | D:1      | Learned a level 3 spell: Vampiric Draining
  2593 | D:3      | Reached XP level 4. HP: 30/30 MP: 4/8
  2610 | D:3      | Learned a level 4 spell: Animate Dead
  2698 | D:3      | Reached skill level 6 in Necromancy
  3013 | D:3      | Found a deep blue altar of Sif Muna.
  3041 | D:3      | Reached XP level 5. HP: 26/35 MP: 6/9
  3504 | D:4      | Noticed Natasha
  3508 | D:4      | Killed Natasha
  3641 | D:4      | Noticed Natasha
  3653 | D:4      | Killed Natasha
  3677 | D:4      | Found a burning altar of Makhleb.
  3710 | D:4      | Noticed Natasha
  3718 | D:4      | Killed Natasha
  3718 | D:4      | Reached XP level 6. HP: 33/41 MP: 5/12
  3723 | D:4      | Learned a level 3 spell: Confuse
  3950 | D:4      | Found an opulent altar of Gozag.
  4092 | D:4      | Found a sparkling altar of Nemelex Xobeh.
  4236 | D:4      | Reached skill level 7 in Necromancy
  4269 | D:4      | Noticed an Executioner
  4273 | D:4      | Noticed an orange demon
  4273 | D:4      | Noticed an orange demon
  4460 | D:5      | Entered Level 5 of the Dungeon
  4821 | D:5      | Found a shattered altar of Ashenzari.
  4837 | D:5      | Found a staircase to the Ecumenical Temple.
  4850 | Temple   | Entered the Ecumenical Temple
  5493 | D:6      | Reached skill level 1 in Hexes
  5675 | D:6      | Reached skill level 5 in Spellcasting
  5675 | D:6      | Reached XP level 7. HP: 46/46 MP: 9/14
  6279 | D:6      | Reached skill level 1 in Short Blades
  6279 | D:6      | Reached skill level 8 in Necromancy
  6296 | D:6      | Found a runed translucent door.
  6297 | D:6      | Noticed Crazy Yiuf
  6305 | D:6      | Killed Crazy Yiuf
  6441 | D:6      | Noticed Edmund
  6448 | D:6      | Killed Edmund
  6448 | D:6      | Reached XP level 8. HP: 31/52 MP: 7/17
  6646 | D:6      | Reached skill level 9 in Necromancy
  6762 | D:7      | Shot with an arrow by a centaur

Skill      XL: |  1  2  3  4  5  6  7  8 |
---------------+-------------------------+-----
Necromancy     | 5 6 7 8 9 |  9.0
Spellcasting   | 3 4 5 6 |  6.9
Hexes          | 1 2 |  2.9
Short Blades   | 1 |  1.1
Dodging        | |  1.5
Stealth        | |  1.5

Action                   |  1- 3 |  4- 6 |  7- 9 || total
-------------------------+-------+-------+-------++-------
Melee: Unarmed           |     6 |       |       ||     6
       Short sword       |    26 |   151 |    81 ||   258
       Quarterstaff      |       |       |    35 ||    35
 Cast: Pain              |    91 |    92 |    37 ||   220
       Vampiric Draining |       |     7 |    10 ||    17
       Animate Dead      |       |     4 |     1 ||     5
       Confuse           |       |     2 |     3 ||     5
Evoke: Wand              |       |       |     1 ||     1
  Use: Scroll            |       |     5 |     1 ||     6
 Stab: Confused          |       |     1 |       ||     1
       Distracted        |       |       |     1 ||     1
       Sleeping          |       |       |     1 ||     1
Armor: Robe              |    13 |       |       ||    13
       Ring mail         |     4 |    46 |    41 ||    91
Dodge: Dodged            |    32 |    57 |    62 ||   151
